AoeStats
← Erick14mar

Hill Fort

506963707Analyzed
3v3 RM · 18d ago on Sep 16, 2026· 63m 17s· 6 players
Game mode
Random Map
Map size
Normal (6 player)
Population
200
Speed
Normal
Resources
Standard
Victory
Conquest
Starting age
Dark Age
Ending age
Imperial Age
RankedLock teamsTeams togetherTeam positionsShared explorationLock speedFull tech treeHidden civsTurbo modeCheats
Victory
Defeat
🇦🇷 Khmer · Argentina
1564
+7
🇦🇷 Turks · Argentina
1315
+15
🇺🇸 Spanish · United States
1312
+15
🇵🇪 Poles · Peru
1338
-13
🇮🇳 Ethiopians · India
1318
-12
🇺🇾 Persians · Uruguay
1317
-12
_Cypress_
7:49 Loom
10:08 Feudal Age
16:21 Castle Age
14:45 Double-Bit Axe
15:13 Horse Collar
17:00 Bloodlines
16:59 Scale Barding Armor
21:23 Husbandry
30:15 Chain Barding Armor
34:34 Gold Mining
35:13 Forging
40:07 Wheelbarrow
40:44 Heavy Plow
53:34 Imperial Age
54:05 Gold Shaft Mining
56:43 Imperial Age
55:16 Bow Saw
56:35 Iron Casting
57:04 Cavalier
59:37 Plate Barding Armor
59:33 Hand Cart
60:16 Conscription
60:02 Town Watch
Genghis huns
7:06 Loom
9:14 Feudal Age
9:51 Town Watch
9:53 Double-Bit Axe
11:13 Horse Collar
12:55 Fletching
17:14 Wheelbarrow
21:46 Castle Age
21:53 Padded Archer Armor
22:39 Bodkin Arrow
22:07 Crossbowman
24:30 Ballistics
38:59 Imperial Age
39:18 Thumb Ring
39:48 Bracer
39:09 Arbalester
40:56 Chemistry
40:28 Leather Archer Armor
43:53 Conscription
53:01 Hand Cart
61:59 Halberdier
62:40 Scale Mail Armor
63:31 Masonry
Erick14mar
6:15 Loom
8:34 Feudal Age
9:06 Horse Collar
12:31 Town Watch
17:48 Fletching
LVA - Gleich
9:36 Loom
11:21 Feudal Age
14:26 Double-Bit Axe
27:11 Horse Collar
30:39 Castle Age
32:32 Bow Saw
32:24 Heavy Plow
41:50 Wheelbarrow
44:02 Imperial Age
41:23 Town Watch
42:20 Gold Mining
42:53 Scale Barding Armor
42:59 Husbandry
43:10 Bloodlines
43:29 Forging
44:10 Chain Barding Armor
45:04 Iron Casting
45:13 Gold Shaft Mining
44:30 Stone Mining
44:14 Cavalier
45:31 Plate Barding Armor
45:31 Conscription
46:13 Light Cavalry
47:28 Hussar
51:18 Crop Rotation
51:26 Stone Shaft Mining
52:06 Blast Furnace
53:49 Coinage
53:20 Caravan
54:01 Scale Mail Armor
54:51 Pikeman
55:16 Arson
57:14 Banking
57:08 Hand Cart
58:32 Chain Mail Armor
57:38 Halberdier
59:19 Capped Ram
60:46 Siege Ram
Coloso MDP
9:12 Loom
12:40 Feudal Age
17:52 Castle Age
18:52 Double-Bit Axe
23:28 Forging
29:43 Wheelbarrow
30:01 Squires
35:35 Town Watch
39:10 Hand Cart
42:38 Fletching
42:49 Padded Archer Armor
43:45 Ballistics
44:02 Bodkin Arrow
44:23 Leather Archer Armor
49:57 Horse Collar
53:48 Imperial Age
53:27 Bow Saw
54:36 Scale Barding Armor
55:09 Iron Casting
55:47 Two-Man Saw
55:49 Husbandry
56:01 Bloodlines
56:15 Chain Barding Armor
56:24 Capped Ram
59:15 Blast Furnace
58:51 Plate Barding Armor
59:20 Conscription
60:00 Heavy Plow
Mark-Semi-Noob
11:01 Feudal Age
16:35 Castle Age
14:53 Double-Bit Axe
15:14 Horse Collar
27:25 Bow Saw
27:21 Heavy Plow
29:10 Padded Archer Armor
31:23 Leather Archer Armor
33:36 Gold Mining
41:55 Fletching
45:18 Imperial Age
47:09 Wheelbarrow
52:37 Scale Barding Armor
52:43 Forging
55:32 Two-Man Saw
56:20 Elite Conquistador
57:30 Chain Barding Armor
57:45 Iron Casting
58:27 Bloodlines
57:41 Light Cavalry
58:24 Husbandry
58:27 Hussar
60:21 Conscription
61:57 Loom
62:30 Hand Cart
62:59 Plate Barding Armor
63:25 Blast Furnace
Connection lost

Rejoining the realm…

Still unreachable

The connection could not be restored.

Session expired

The server has moved on; the page needs a fresh start.